 Dungeon Crawl Stone Soup version 0.30-a0-1-g69b7b797bf (webtiles) character file.

Game seed: 16507910832284364725

12 Nedwor the Cutter (level 2, 0/22 HPs)
             Began as a Demonspawn Gladiator on Aug 19, 2022.
             Slain by a gnoll
             ... wielding a +0 spear
              (5 damage)
             ... on level 1 of the Dungeon.
             The game lasted 00:00:40 (248 turns).

Nedwor the Cutter (Demonspawn Gladiator)             Turns: 248, Time: 00:00:40

Health: 0/22       AC:  6    Str: 14    XL:     2   Next: 20%
Magic:  2/2        EV: 11    Int:  9    God:
Gold:   34         SH:  0    Dex: 14    Spells: 1/1 levels left

rFire   . . .      SeeInvis .    a - +0 rapier
rCold   . . .      Faith    .    (no shield)
rNeg    . . .      Spirit   .    j - +0 ring mail
rPois   .          Reflect  .    c - +0 helmet
rElec   .          Harm     .    (no cloak)
rCorr   .          Rampage  .    (no gloves)
Will    .....                    (no boots)
Stlth   +.........               (no amulet)
HPRegen 0.07/turn                (no ring)
MPRegen 0.08/turn                (no ring)

@: no status effects
A: powered by death 1
a: no special abilities


You were on level 1 of the Dungeon.
You visited 1 branch of the dungeon, and saw 1 of its levels.

You collected 34 gold pieces.

Inventory:

Hand Weapons
 a - a +0 rapier (weapon)
Missiles
 d - 3 throwing nets (quivered)
 e - a javelin
Armour
 c - a +0 helmet (worn)
 j - a +0 ring mail (worn)
Scrolls
 h - a scroll of identify {unknown}
Potions
 f - a potion of curing {unknown}
 g - a potion of lignification {unknown}
 i - a potion of heal wounds {unknown}


   Skills:
 + Level 2.2 Fighting
 * Level 3.0 Short Blades
 - Level 1.7 Throwing
 + Level 0.5 Armour
 + Level 2.8 Dodging


You had one spell level left.
You didn't know any spells.
Your spell library was empty.

Dungeon Overview and Level Annotations

Branches:
Dungeon (1/15)

Altars:


Innate Abilities, Weirdness & Mutations

You regenerate a little health from kills.


Message History

A wave of death washes over you.
Sorry, you're not good enough to have a special ability.
The kobold attacks as you move away! The kobold hits you but does no damage.
A ball python comes into view.
The kobold completely misses you.
The ball python moves out of view.
The kobold throws a stone.
The stone barely misses you. The kobold hits you but does no damage.
You hit the kobold.
You kill the kobold!
You puncture the goblin!
You kill the goblin!
You barely miss the frilled lizard. The frilled lizard bites you.
You hit the frilled lizard but do no damage.
The frilled lizard closely misses you.
You closely miss the frilled lizard.
The frilled lizard bites you but does no damage.
You barely miss the frilled lizard.
The gnoll hits you from afar with a +0 spear.
The frilled lizard barely misses you.
You barely miss the frilled lizard.
The gnoll hits you from afar with a +0 spear.
The frilled lizard bites you. The gnoll hits you but does no damage.
The frilled lizard completely misses you.
You hit the frilled lizard.
You kill the frilled lizard!
The gnoll barely misses you.
You hit the endoplasm but do no damage. The endoplasm freezes you.
You are frozen.
* * * LOW HITPOINT WARNING * * *
You hit the endoplasm.
You kill the endoplasm!
The gnoll hits you from afar with a +0 spear.
* * * LOW HITPOINT WARNING * * *
Your Short Blades skill increases to level 3!
The gnoll closely misses you.
You hit the gnoll.
The gnoll is moderately wounded.
The gnoll hits you with a +0 spear.
You die...

.####.#.......................
..........#.##########.#.####
######.##.#................###
........#...############.....#
###..#.......................# #
#>.#..#..............#........
###..............#....[#........
..........######.#.....#........
..........# #@#.....#........
...#......... #g###...#........
...#.....##.####..?.............
####..........).........#....##
#.....##.##.#.............
#.....##...†#.######......
....gJ..#.# ..#+## ...........
..# ........... ..#


You could see a gnoll.

Vanquished Creatures
  2 endoplasms (D:1)
  2 giant cockroaches (D:1)
  A ball python (D:1)
  2 frilled lizards (D:1)
  3 goblins (D:1)
  A kobold (D:1)
  A rat (D:1)
12 creatures vanquished.

Notes
Turn   | Place    | Note
-------+----------+-------------------------------------------
     0 | D:1      | Nedwor the Demonspawn Gladiator began the quest for the
                  | Orb.
     0 | D:1      | Reached XP level 1. HP: 16/16 MP: 1/1
   229 | D:1      | Gained mutation: You regenerate a little health from kills.
                  | [demonic ancestry]
   229 | D:1      | Reached XP level 2. HP: 18/22 MP: 2/2
   247 | D:1      | Reached skill level 3 in Short Blades
   248 | D:1      | Slain by a gnoll

Illustrated notes

Levels and vault maps discovered:
D:1:      nicolae_arrival_washed_ashore, layout_basic,
          ebering_ecumenical_altar_webs

Skill      XL: |  1  2 |
---------------+-------+-----
Short Blades   | 3 |  3.0
Fighting       | |  2.2
Throwing       | |  1.7
Armour         | |  0.5
Dodging        | |  2.8

Action                   || total
-------------------------++-------
Melee: Rapier            ||    33
Armor: Ring mail         ||     7
       Leather armour    ||     3
Dodge: Dodged            ||    22

Table legend: (Time is in decaauts)
 A = Elapsed time spent in this place.
 B = Non-inter-level travel time spent in this place.
 C = Inter-level travel time spent in this place.
 D = Time resting spent in this place.
 E = Time spent auto-exploring this place.
 F = Levels seen in this place.
 G = Mean time per level.
                   A        B        C        D        E       F      G
               +--------+--------+--------+--------+--------+-----+--------+
         Total |    250 |    250 |      0 |      0 |    163 |   1 |  250.0 |
       Dungeon |    250 |    250 |      0 |      0 |    163 |   1 |  250.0 |
               +--------+--------+--------+--------+--------+-----+--------+

Top non-repeatable levels by time:
     D:1: 250 daAuts
